 Dungeon Crawl Stone Soup version 0.20.0-15-g7f486f2 (webtiles) character file.

860 Peloso the Shield-Bearer (level 7, -4/61 HPs)
             Began as a Minotaur Fighter on June 11, 2017.
             Was a Believer of Okawaru.
             Slain by a two-headed ogre
             ... wielding a +0 giant spiked club
              (14 damage)
             ... on level 6 of the Dungeon.
             The game lasted 00:09:47 (5277 turns).

Peloso the Shield-Bearer (Minotaur Fighter)         Turns: 5277, Time: 00:09:47

Health: -4/61      AC: 18    Str: 21    XL:     7   Next: 71%
Magic:  6/6        EV:  7    Int:  5    God:    Okawaru [**....]
Gold:   312        SH: 10    Dex: 11    Spells: 6/6 levels left

rFire    . . .     SeeInvis +   b - +0 falchion (protect)
rCold    . . .     Gourm    .   c - +0 shield
rNeg     . . .     Faith    .   l - +0 chain mail
rPois    .         Spirit   .   (helmet restricted)
rElec    .         Reflect  .   (no cloak)
rCorr    .         Harm     .   t - +0 pair of gloves (curse)
MR       .....                  (no boots)
Stlth    ..........             (no amulet)
Regen    0.2/turn               e - +1 ring of evasion
MPRegen  0.1/turn               y - ring of see invisible

@: protection aura
A: retaliatory headbutt, horns 2
a: Heroism, Renounce Religion


You were on level 6 of the Dungeon.
You worshipped Okawaru.
Okawaru was pleased with you.
You were not hungry.

You visited 1 branch of the dungeon, and saw 6 of its levels.

You collected 312 gold pieces.

Inventory:

Hand Weapons
 a - a +1 long sword
 b - a +0 falchion of protection (weapon)
Armour
 c - a +0 shield (worn)
 l - a +0 chain mail (worn)
 t - a cursed +0 pair of gloves (worn)
Jewellery
 e - a +1 ring of evasion (left hand)
 n - an uncursed ring of positive energy
 x - an uncursed ring of magical power
 y - a ring of see invisible (right hand)
 C - an uncursed ring of flight {unknown}
Wands
 z - a wand of random effects (30/48)
Scrolls
 h - a scroll of enchant weapon
 j - 5 scrolls of identify {unknown}
 m - 5 scrolls of teleportation
 r - 3 scrolls of remove curse {unknown}
 u - 2 scrolls of fog {unknown}
 w - 2 scrolls of magic mapping {unknown}
 B - a scroll of recharging {unknown}
Potions
 d - a potion of might
 i - 5 potions of curing
 k - a potion of resistance {unknown}
 o - 2 potions of lignification {unknown}
 p - 2 potions of haste {unknown}
 q - 2 potions of heal wounds {unknown}
 s - a potion of flight {unknown}
Comestibles
 f - 3 bread rations
 g - 3 fruits
 v - 2 meat rations
 A - a royal jelly
 D - 5 chunks of flesh


   Skills:
 + Level 5.6 Fighting
 + Level 6.1 Long Blades
 + Level 5.8 Armour
 + Level 1.4 Dodging
 + Level 0.8 Stealth
 + Level 6.6 Shields


You had 6 spell levels left.
You didn't know any spells.

Dungeon Overview and Level Annotations

Branches:
Dungeon (6/15)             Temple (0/1) D:4

Altars:
Cheibriados
Okawaru
Xom


Innate Abilities, Weirdness & Mutations

You reflexively headbutt those who attack you in melee.
You have a pair of horns on your head.


Message History

You block the two-headed ogre's attack.
You hit the two-headed ogre.
The two-headed ogre is heavily wounded.
You hit the two-headed ogre.
The two-headed ogre is heavily wounded.
You block the two-headed ogre's attack. x2
You closely miss the two-headed ogre.
The two-headed ogre is heavily wounded.
The two-headed ogre hits you with a giant spiked club!
* * * LOW HITPOINT WARNING * * *
You block the two-headed ogre's attack.
Your chain mail prevents you from hitting the two-headed ogre.
The two-headed ogre is heavily wounded.
The two-headed ogre hits you with a giant spiked club!
* * * LOW HITPOINT WARNING * * *
You block the two-headed ogre's attack.
You barely miss the two-headed ogre. You headbutt the two-headed ogre.
The two-headed ogre is heavily wounded.
The two-headed ogre hits you with a giant spiked club!
You die...

... ##+### ####
...######....# ...#
.............#
...#..............#######
...#....................#
...#............@O......#
...#..........####......#
...#....####'## ......#
####....#)....+ <.....#
........#.....# ......#
........#.....# .O....#
>...##'##....## !.....#
....#..##....##. ......#
....#............


You could see a two-headed ogre.

Vanquished Creatures
  A sky beast (D:6)
  An ice beast (D:5)
  A phantom (D:5)
  A centaur (D:6)
  A bullfrog (D:6)
  A scorpion (D:4)
  2 crimson imps
  A hound (D:4)
  2 orc priests
  2 orc wizards
  2 worker ants
  5 adders
  An adder zombie (D:4)
  3 worms
  2 dart slugs
  5 leopard geckos
  13 orcs
  3 ball pythons
  A giant cockroach (D:4)
  5 goblins
  5 hobgoblins
  12 jackals
  7 kobolds
  A quokka (D:2)
  2 bats
  5 frilled lizards
  A leopard gecko skeleton (D:4)
  A leopard gecko zombie (D:5)
  2 rats (D:1)
89 creatures vanquished.

Notes
Turn   | Place    | Note
-------+----------+-------------------------------------------
     0 | D:1      | Peloso the Minotaur Fighter began the quest for the Orb.
     0 | D:1      | Reached XP level 1. HP: 19/19 MP: 0/0
   312 | D:1      | Reached XP level 2. HP: 27/27 MP: 1/1
   934 | D:2      | Found an iron altar of Okawaru.
   949 | D:2      | Became a worshipper of Warmaster Okawaru
  1055 | D:2      | Reached XP level 3. HP: 28/33 MP: 2/2
  1747 | D:3      | Found a snail-covered altar of Cheibriados.
  1748 | D:3      | Found a shimmering altar of Xom.
  1801 | D:3      | Reached XP level 4. HP: 38/40 MP: 3/3
  1856 | D:3      | Reached XP level 5. HP: 42/47 MP: 4/4
  2054 | D:3      | Found an iron altar of Okawaru.
  3041 | D:4      | Reached skill level 5 in Shields
  3164 | D:4      | Found a staircase to the Ecumenical Temple.
  3521 | D:4      | Reached skill level 5 in Armour
  3521 | D:4      | Reached XP level 6. HP: 28/55 MP: 5/5
  4138 | D:5      | Entered Level 5 of the Dungeon
  4319 | D:5      | Noticed an ice beast
  4328 | D:5      | Killed an ice beast
  4328 | D:5      | Reached * piety under Okawaru
  4328 | D:5      | Reached skill level 5 in Fighting
  4328 | D:5      | Reached skill level 5 in Long Blades
  4385 | D:5      | Reached skill level 1 in Dodging
  4385 | D:5      | Reached XP level 7. HP: 61/61 MP: 6/6
  5069 | D:6      | Reached ** piety under Okawaru
  5262 | D:6      | Noticed a two-headed ogre
  5277 | D:6      | Slain by a two-headed ogre

Skill      XL: |  1  2  3  4  5  6  7 |
---------------+----------------------+-----
Shields        | 4 5 6 |  6.6
Armour         | 4 5 |  5.8
Fighting       | 4 5 |  5.6
Long Blades    | 3 4 5 6 |  6.1
Dodging        | 1 |  1.4
Stealth        | |  0.8

Action                   |  1- 3 |  4- 6 |  7- 9 || total
-------------------------+-------+-------+-------++-------
Melee: Long sword        |    83 |       |       ||    83
       Headbutt          |    15 |    37 |    14 ||    66
       Falchion          |    19 |   167 |    84 ||   270
Evoke: Wand              |       |       |     1 ||     1
  Use: Scroll            |     4 |       |       ||     4
       Potion            |     3 |       |       ||     3
  Eat: Chunk             |     3 |     8 |     3 ||    14
Armor: Scale mail        |    23 |       |       ||    23
       Chain mail        |    15 |    92 |    38 ||   145
Dodge: Dodged            |    26 |    41 |    16 ||    83
Block: Shield            |    51 |    89 |    50 ||   190
       Rpst.: Long sword |     6 |       |       ||     6
       Falchion          |     3 |     8 |     6 ||    17
